 Dungeon Crawl Stone Soup version 0.28.0-53-g5a82cb258f (webtiles) character file.

Game seed: 12661371170360958563

146787 cbfl8 the Warrior (level 16, -1/247 HPs)
             Began as a Minotaur Berserker on July 15, 2022.
             Was a High Priest of Trog.
             Constricted to death by a naga warrior (4 damage)
             ... on level 2 of the Snake Pit.
             The game lasted 01:20:47 (46714 turns).

cbfl8 the Warrior (Minotaur Berserker)             Turns: 46714, Time: 01:20:47

Health: -1/247     AC: 25    Str: 25    XL:     16   Next: 90%
Magic:  0/15       EV:  6    Int:  5    God:    Trog [*****.]
Gold:   2161       SH:  0    Dex: 21    Spells: 15/15 levels left

rFire   . . .      SeeInvis .   f - +3 battleaxe (elec)
rCold   . . .      Faith    .   (shield currently unavailable)
rNeg    . . .      Spirit   .   m - +0 crystal plate armour
rPois   +          Reflect  .   k - +0 hat {Int+3}
rElec   .          Harm     +   w - scarf {harm}
rCorr   .          Rampage  .   E - +0 pair of gloves
Will    +....                   u - +0 pair of boots
Stlth   ..........              z - amulet of the acrobat
HPRegen 0.51/turn               j - +6 ring of dexterity
MPRegen 0.14/turn               A - ring of poison resistance

@: berserking, lethally poisoned (-1 -> -7), slowed, constricted
A: horns 2, retaliatory headbutt, dopey 1
a: Renounce Religion, Berserk, Trog's Hand, Brothers in Arms


You were on level 2 of the Snake Pit.
You worshipped Trog.
Trog was extremely pleased with you.
You visited 4 branches of the dungeon, and saw 25 of its levels.
You visited the Abyss 1 time.
You also visited: Ossuary and Ice Cave.

You collected 2161 gold pieces.

Inventory:

Hand Weapons
 f - a +3 battleaxe of electrocution (weapon)
 y - a +2 vampiric battleaxe
 G - a +2 war axe of flaming
Armour
 a - a +2 kite shield of poison resistance
 k - a +0 hat of intelligence (worn)
 m - a +0 crystal plate armour (worn)
 u - a +0 pair of boots (worn)
 w - a scarf of harm (worn)
 E - a +0 pair of gloves (worn)
Jewellery
 g - a ring of protection from fire
 j - a +6 ring of dexterity (left hand)
 z - an amulet of the acrobat (around neck)
 A - a ring of poison resistance (right hand)
 X - a ring of fire
 Z - an amulet of guardian spirit
Wands
 b - a wand of mindburst (11)
 x - a wand of paralysis (6)
 F - a wand of acid (6)
 L - a wand of iceblast (15)
 M - a wand of flame (51)
 T - a wand of polymorph (16)
 V - a wand of digging (2)
Scrolls
 d - 3 scrolls of fear
 h - 3 scrolls of teleportation
 l - a scroll of holy word {unknown}
 o - 3 scrolls of fog
 p - 3 scrolls of brand weapon
 q - 3 scrolls of enchant weapon
 C - 3 scrolls of summoning
 N - 2 scrolls of silence
 Q - a scroll of identify
 S - 3 scrolls of immolation
 U - 2 scrolls of blinking
 W - a scroll of magic mapping
 Y - 2 scrolls of enchant armour
Potions
 e - 2 potions of lignification
 i - a potion of magic {unknown}
 n - 2 potions of invisibility
 r - 5 potions of flight
 s - 2 potions of attraction
 t - 2 potions of curing
 H - 4 potions of berserk rage
 K - 2 potions of haste
 O - a potion of might
 P - 2 potions of heal wounds
Miscellaneous
 c - a piece from Xom's chessboard (15/15)
 v - a lightning rod (4/4)
 I - a condenser vane


   Skills:
 + Level 20.8 Fighting
 + Level 20.7(20.8) Axes
 + Level 1.2(13.8) Maces & Flails
 + Level 2.6(2.8) Staves
 + Level 13.6 Armour
 * Level 6.7 Dodging
 * Level 6.9 Stealth
 * Level 11.0 Evocations


You had 15 spell levels left.
You didn't know any spells.
Your spell library was empty.

Dungeon Overview and Level Annotations

Branches:
Dungeon (15/15)            Temple (0/1) D:5            Lair (6/6) D:9
  Swamp (0/4) Lair:4        Snake (2/4) Lair:2        Slime (0/5) Lair:6
    Orc (2/2) D:9             Elf (0/3) Orc:2        Vaults (0/5) D:14
 Depths (0/4) D:15        Ossuary (visited)           IceCv (visited)

Altars:
Fedhas
Gozag
Makhleb
Uskayaw
Xom
Beogh

Shops:
D:12 ?   Orc:2 ::([   Snake:2 :=:

Portals:
Trove: D:13 (give +4 storm dragon scales)


Innate Abilities, Weirdness & Mutations

You have a pair of horns on your head.
You reflexively headbutt those who attack you in melee.
You are dopey. (Int -2)


Message History

Okay, then.
You are too berserk!
You slash the naga warrior!
Lightning courses through the naga warrior!
Your headbutt misses the naga warrior.
The naga warrior is moderately wounded.
You slice the salamander!!
Lightning courses through the salamander!
You kill the salamander!
Trog accepts your kill.
You closely miss the mana viper.
The mana viper bites you but does no damage.
The naga warrior hits you with a +0 dire flail.
* * * LOW HITPOINT WARNING * * *
The naga warrior constricts you.
You slice the naga warrior!!
Lightning courses through the naga warrior!
The naga warrior is almost dead.
You barely miss the mana viper. The mana viper bites you.
* * * LOW HITPOINT WARNING * * *
You feel your power leaking away.
Unknown command.
You slash the naga warrior!
The naga warrior is almost dead.
You slice the mana viper!! The mana viper barely misses you.
You furiously retaliate!
You headbutt the mana viper!
You feel the power of Trog in you as your rage grows.
You kill the mana viper!
Trog accepts your kill.
The naga warrior hits you but does no damage.
The naga warrior constricts you.
You barely miss the naga warrior.
The naga warrior is almost dead.
The naga warrior spits poison at you. The splash of poison hits you.
You are lethally poisoned!
You resist.
* * * LOW HITPOINT WARNING * * *
The naga warrior constricts you.
You die...

##... #...###
.....#### ######(..##.
........# #........##.
........# #.###.#...#.
)......# ##.# #.....##
#....# ###..# ##....##
#...####>..## #...###
#.S..)##.######...####
#...#@N......##.......
#...###....#÷##.....#.
##### #....#)#......#.
#....#..........
####.######.......>
#.......####.......
#..##'#.##...##....
#.##..÷..##....<...
#..#.#...#.######...


You could see a naga warrior (catching breath) and a guardian serpent.

Vanquished Creatures
  Nikola (Snake:1)
  A bone dragon (Abyss:2)
  A tentacled starspawn (Abyss:2)
  Donald (Snake:1)
  An orc warlord (Orc:2)
  An ophan (Abyss:2)
  A dire elephant (D:15)
  6 naga warriors
  3 boulder beetles
  5 hydras
  2 centaur warriors (D:15)
  3 ogre magi (D:15)
  2 anacondas (Snake:2)
  Erica (D:8)
  2 catoblepae
  A death knight (D:14)
  26 death yaks
  A deep troll shaman (Lair:6)
  24 two-headed ogres
  Urug (D:10)
  Nergalle (Lair:2)
  3 naga sharpshooters (Snake:1)
  2 shock serpents (Snake:2)
  4 orc high priests (Orc:2)
  2 wretched stars (Abyss:2)
  A salamander mystic (Snake:1)
  4 skeletal warriors (D:14)
  A wizard (D:15)
  3 bog bodies (Lair:4)
  A necromancer (D:14)
  A phantasmal warrior (D:14)
  4 deep elf pyromancers
  A harpy (shapeshifter) (D:14)
  A naga ritualist (Snake:2)
  6 orc knights
  Pikel (D:8)
  2 mana vipers (Snake:2)
  24 ugly things
  6 orc sorcerers
  8 salamanders
  5 manticores
  2 worldbinders (Abyss:2)
  6 cyclopes
  An oklob plant (Lair:2)
  Joseph (D:9)
  2 guardian serpents
  4 naga magi
  The ghost of DocClef the Fighter, a novice PaFi of Hepliaklqana (D:6)
  12 black mambas
  Maurice (D:8)
  An orange demon (Abyss:2)
  12 elephants
  A molten gargoyle (Lair:2)
  An apocalypse crab (Abyss:2)
  3 smoke demons (Abyss:2)
  A torpor snail (Lair:6)
  2 gargoyles
  11 cane toads
  A yaktaur (D:15)
  2 rime drakes
  4 hellwings (Abyss:2)
  3 freezing wraiths (D:14)
  9 komodo dragons
  2 ancient zymes (Abyss:2)
  9 trolls
  A meliai (shapeshifter) (D:14)
  A hornet (D:10)
  5 polar bears
  Prince Ribbit (D:9)
  8 blink frogs
  8 slime creatures
  2 dream sheep (Lair:6)
  A large abomination (Abyss:2)
  A water elemental (D:14)
  5 wraiths
  55 yaks
  2 wyverns
  Grum (D:9)
  5 basilisks
  A neqoxec (Abyss:2)
  7 vampire mosquitoes
  A swamp worm (Lair:4)
  3 wargs
  A harpy simulacrum (IceCv)
  Edmund (D:6)
  2 acid dragons (D:12)
  20 nagas
  4 small abominations (Abyss:2)
  20 water moccasins
  The ghost of angelusfrater the Ducker, an amateur TrFi of Okawaru (D:4)
  4 black bears
  52 orc warriors
  2 ice beasts (D:5)
  A necrophage (D:5)
  A sky beast (D:6)
  16 ogres
  18 wolves
  12 centaurs
  2 elf zombies (Ossuary)
  A phantom (D:6)
  3 kobold brigands
  A lemure (D:8)
  19 bullfrogs
  8 scorpions
  2 gnoll sergeants
  8 killer bees
  9 wights
  3 howler monkeys
  5 electric eels
  7 centaur zombies
  3 hounds
  2 human zombies (Ossuary)
  16 jellies
  43 orc priests
  2 bullfrog skeletons
  3 iguanas
  Crazy Yiuf (D:4)
  2 centaur skeletons
  17 orc wizards
  2 mummies (Ossuary)
  Robin (D:3)
  15 gnolls
  A howler monkey skeleton (D:6)
  3 adders
  An ufetubus (Abyss:2)
  2 adder zombies (Ossuary)
  3 worms
  A dart slug (D:2)
  110 orcs
  13 endoplasms
  2 giant cockroaches
  12 goblins
  10 hobgoblins
  6 jackals (D:1)
  2 quokkas
  4 ball pythons
  4 bats
  2 frilled lizards (D:2)
  2 goblin zombies (D:8)
  10 hobgoblin zombies (Ossuary)
  2 jackal zombies (Ossuary)
  20 kobolds
  9 kobold zombies (Ossuary)
  7 orc zombies (Ossuary)
  6 rats
  2 rat zombies (Ossuary)
  2 butterflies (Lair:6)
  A starspawn tentacle (Abyss:2)
932 creatures vanquished.

Vanquished Creatures (collateral kills)
  A centaur warrior (D:14)
  4 skeletal warriors (D:14)
  A deep elf pyromancer (D:14)
  A wyvern (D:9)
7 creatures vanquished.

Vanquished Creatures (others)
  13 demonic plants (Abyss:2)
  24 fungi
  A lurking horror (Abyss:2)
  42 plants
  3 starspawn tentacles (Abyss:2)
83 creatures vanquished.

Grand Total: 1022 creatures vanquished

Notes
Turn   | Place    | Note
-------+----------+-------------------------------------------
     0 | D:1      | cbfl8 the Minotaur Berserker began the quest for the Orb.
     0 | D:1      | Reached XP level 1. HP: 19/19 MP: 0/0
   181 | D:1      | Reached XP level 2. HP: 4/27 MP: 1/1
   767 | D:1      | Reached XP level 3. HP: 33/33 MP: 2/2
  1029 | D:2      | Found an opulent altar of Gozag.
  1105 | D:2      | Reached ** piety under Trog
  1972 | D:3      | Noticed Robin
  1978 | D:3      | Reached XP level 4. HP: 39/41 MP: 3/3
  1986 | D:3      | Reached skill level 5 in Axes
  1989 | D:3      | Killed Robin
  2437 | D:3      | Found a faded altar of an unknown god.
  2919 | D:4      | Noticed a scorpion
  2928 | D:4      | Killed a scorpion
  2929 | D:4      | Reached XP level 5. HP: 46/47 MP: 4/4
  2978 | D:4      | Reached skill level 5 in Fighting
  2982 | D:4      | Reached XP level 6. HP: 52/56 MP: 5/5
  3105 | D:4      | Found a runed translucent gate.
  3106 | D:4      | Found a runed translucent gate.
  3106 | D:4      | Found a runed translucent gate.
  3106 | D:4      | Noticed angelusfrater's ghost (amateur TrFi)
  3244 | D:4      | Reached *** piety under Trog
  3560 | D:4      | Found a runed translucent door.
  3561 | D:4      | Noticed Crazy Yiuf
  3780 | D:4      | Killed Crazy Yiuf
  4152 | D:5      | Entered Level 5 of the Dungeon
  4207 | D:5      | Reached skill level 5 in Armour
  4249 | D:5      | Reached XP level 7. HP: 58/62 MP: 6/6
  4399 | D:5      | Reached skill level 1 in Staves
  4708 | D:5      | Reached skill level 1 in Stealth
  4940 | D:5      | Reached XP level 8. HP: 71/71 MP: 7/7
  5032 | D:5      | Found a staircase to the Ecumenical Temple.
  6063 | D:6      | Noticed Edmund
  6071 | D:6      | Killed Edmund
  6471 | D:6      | Found a runed translucent door.
  6478 | D:6      | Noticed DocClef's ghost (novice PaFi)
  6734 | D:6      | Found a shimmering altar of Xom.
  6764 | D:6      | Reached XP level 9. HP: 82/82 MP: 8/8
  6962 | D:6      | Killed DocClef's ghost
  7666 | D:7      | Reached skill level 1 in Evocations
  7716 | D:7      | Reached **** piety under Trog
  8042 | D:7      | Reached skill level 10 in Axes
  8305 | D:8      | Reached XP level 10. HP: 35/92 MP: 9/9
  8690 | D:8      | Found a sand-covered staircase.
  8705 | Ossuary  | Entered an ossuary
  9074 | D:8      | Reached ***** piety under Trog
  9286 | D:8      | Reached skill level 10 in Fighting
  9293 | D:8      | Noticed Erica
  9303 | D:8      | Killed Erica
  9491 | D:8      | Noticed Pikel
  9502 | D:8      | Killed Pikel
  9849 | D:8      | Noticed Maurice
  9877 | D:8      | Killed Maurice
  9977 | D:8      | Found a blossoming altar of Fedhas.
 10066 | D:9      | Noticed Grum
 10075 | D:9      | Killed Grum
 10266 | D:9      | Noticed Joseph
 10457 | D:9      | Killed Joseph
 10473 | D:9      | Noticed a death yak
 10674 | D:9      | Reached XP level 11. HP: 77/102 MP: 10/10
 11183 | D:9      | Noticed a death yak
 11200 | D:8      | Killed a death yak
 11201 | D:8      | Reached skill level 10 in Armour
 11698 | D:9      | Noticed a death yak
 11698 | D:9      | Noticed a death yak
 11704 | D:9      | Noticed a death yak
 11712 | D:9      | Killed a death yak
 11713 | D:9      | Reached skill level 5 in Evocations
 11717 | D:9      | Killed a death yak
 11718 | D:9      | Noticed a death yak
 11718 | D:9      | Noticed Prince Ribbit
 12129 | D:8      | Killed a death yak
 12129 | D:8      | Killed a death yak
 12507 | D:9      | Killed Prince Ribbit
 12508 | D:9      | Killed a death yak
 12538 | D:9      | Found a staircase to the Lair.
 13115 | D:9      | Identified the +4 flail of the Jester {holy, rC++ Dex+4}
 13173 | D:9      | Found a burning altar of Makhleb.
 14071 | D:9      | Found a staircase to the Orcish Mines.
 14357 | D:10     | Entered Level 10 of the Dungeon
 14446 | D:10     | Noticed Urug
 14457 | D:10     | Killed Urug
 14497 | D:10     | Found a hide-covered altar of Uskayaw.
 14569 | D:10     | Paralysed by a hornet for 3 turns
 15278 | D:10     | Noticed a two-headed ogre
 15282 | D:10     | Killed a two-headed ogre
 15283 | D:10     | Reached XP level 12. HP: 115/115 MP: 11/11
 16115 | D:11     | Reached skill level 15 in Axes
 16869 | D:11     | Noticed a two-headed ogre
 16876 | D:11     | Killed a two-headed ogre
 17148 | Lair:1   | Entered Level 1 of the Lair of Beasts
 19186 | Lair:2   | Reached skill level 15 in Fighting
 19534 | Lair:1   | Reached XP level 13. HP: 32/127 MP: 12/12
 20030 | Lair:2   | Noticed Nergalle
 20034 | Lair:2   | Found a staircase to the Snake Pit.
 20051 | Lair:2   | Killed Nergalle
 23051 | Lair:4   | Reached skill level 1 in Maces & Flails
 23176 | Lair:4   | Received a gift from Trog
 24102 | Lair:4   | Found a staircase to the Swamp.
 24741 | Lair:5   | Reached XP level 14. HP: 133/140 MP: 13/13
 25681 | Lair:6   | Entered Level 6 of the Lair of Beasts
 25835 | Lair:6   | Found a staircase to the Slime Pits.
 27218 | Lair:6   | Identified the +2 scale mail "Qatwek" {Rampage Str+5}
 27662 | D:12     | Found Xiczor's Magic Scroll Emporium.
 29348 | D:13     | Found a portal to a secret trove of treasure.
 29811 | D:14     | Reached XP level 15. HP: 128/152 MP: 14/14
 30287 | D:14     | Found a frozen archway.
 30324 | IceCv    | Entered an ice cave
 32584 | D:14     | Found a gate to the Vaults.
 32961 | D:15     | Entered Level 15 of the Dungeon
 33036 | D:15     | Cast into level 2 of the Abyss (a wizard)
 33036 | Abyss:2  | Found a corrupted altar of Lugonu.
 33070 | Abyss:2  | Found a corrupted altar of Lugonu.
 33136 | Abyss:2  | Lost intelligence.
 33136 | Abyss:2  | Gained mutation: You are dopey. (Int -2) [a neqoxec]
 33265 | Abyss:2  | HP: 7/153 [rock wall collision (13)]
 33447 | Abyss:2  | Noticed a bone dragon
 33460 | Abyss:2  | Killed a bone dragon
 33478 | Abyss:2  | Noticed a tentacled starspawn
 33493 | Abyss:2  | Killed a tentacled starspawn
 33496 | D:15     | Escaped the Abyss
 36765 | D:4      | Killed angelusfrater's ghost
 37026 | Orc:1    | Entered Level 1 of the Orcish Mines
 37256 | Orc:2    | Entered Level 2 of the Orcish Mines
 37674 | Orc:2    | Found Omyriosu's Antique Weapon Shop.
 37696 | Orc:2    | Found Gaeffa's Armour Boutique.
 38128 | Orc:2    | Reached skill level 10 in Evocations
 38147 | Orc:2    | Found Tijoasoc's Book Emporium.
 38189 | Orc:2    | Noticed an orc warlord
 38209 | Orc:1    | Reached skill level 5 in Stealth
 39171 | Orc:2    | Found a staircase to the Elven Halls.
 39244 | Orc:2    | Received a gift from Trog
 39474 | Orc:2    | Killed an orc warlord
 39521 | Orc:2    | Found Wiubbodi's Book Shop.
 40422 | D:15     | Reached XP level 16. HP: 162/162 MP: 15/15
 40687 | D:15     | Paralysed by an ogre mage for 4 turns
 40694 | D:15     | Reached skill level 5 in Dodging
 41240 | D:15     | Found a staircase to the Depths.
 42161 | Snake:1  | Entered Level 1 of the Snake Pit
 43903 | Snake:1  | Noticed Nikola
 44415 | Snake:1  | Noticed Donald
 44425 | Snake:1  | Killed Donald
 44751 | Snake:1  | Received a gift from Trog
 45006 | Snake:1  | Killed Nikola
 46549 | Snake:2  | Found Qufano's Jewellery Emporium.
 46550 | Snake:2  | Found Cupiag's Book Shop.
 46550 | Snake:2  | Found Pefiasil's Book Shop.
 46711 | Snake:2  | HP: 12/247 [naga warrior/+0 dire flail (7)]
 46712 | Snake:2  | HP: 5/247 [mana viper (7)]
 46714 | Snake:2  | Constricted to death by a naga warrior

Illustrated notes

Levels and vault maps discovered:
D:1:      lightli_arrival_boilingwater, layout_basic, nicolae_wormholes
D:2:      layout_basic, basic_altar, corexii_hall_statues_l, glass_columns_b,
          nrook_uturn, minmay_circle_x
D:3:      layout_loops_corners, hellmonk_ecumenical_altar_lost_god,
          patterned_corridor, uniq_robin
D:4:      layout_basic, gammafunk_ghost_nasty_kobolds, uniq_crazy_yiuf_cottage
D:5:      layout_gridville, minmay_temple_entry_metal_lava
D:6:      layout_loops_corners, overflow_temple_1_default,
          ebering_ghost_reflecting_pool, uniq_edmund
D:7:      layout_gridville, hangedman_abyss_or_decor_jellyfish_corner
D:8:      layout_loops_ring, fedhas_altar_4, enter_ossuary_4, uniq_erica,
          uniq_pikel, uniq_maurice
D:9:      layout_loops_corners, lemuel_round_altar, dpeg_lair_monsters,
          david_orc_5, kennysheep_diamond, uniq_grum, uniq_joseph,
          uniq_prince_ribbit1
D:10:     nicolae_cairo_tiling_large, layout_basic,
          nicolae_uskayaw_murder_on_the_dancefloor, serial_co_window_serial,
          co_window_corner_a, co_window_paths_a, co_window_paths_a,
          co_window_of_opportunity_a, co_window_corner_a, co_window_2corner,
          co_window_broadway_c, co_window_cross_2, glass_columns_c,
          glass_columns_a, glass_columns_b, glass_columns_a, uniq_urug
D:11:     layout_rooms
D:12:     layout_grid_maze, serial_shops, shop, st_stairs_14
D:13:     layout_irregular_city, trove_entry_hex_spiral
D:14:     layout_basic, david_vaults_1, portal_ice_cave_entry_frozen_things,
          chequers_big_river, gauntlet_entry_generic,
          chequers_serial_rivers_micro_d
D:15:     hangedman_depths_entry_try_elsewhere_first, layout_loops_corners,
          drop_trap
Lair:1:   layout_misc_corridors, beast_lair_carwin_1
Lair:2:   layout_gridlike, dummy_snake_entry, grunt_megastairs_3, uniq_nergalle
Lair:3:   layout_loops_ring, chequers_serial_rivers_large_b
Lair:4:   layout_loops_ring, nicolae_swamp_entry_splash_gauntlet
Lair:5:   layout_roguey, grunt_megastairs_4
Lair:6:   grunt_lair_end_beastmaster, layout_misc_corridors,
          minmay_slime_entry_jelly_boxes, wad_woods_03, lemuel_fruit_fields
Snake:1:  layout_honeycomb, uniq_donald, uniq_nikola
Snake:2:  layout_misc_corridors, grunt_megastairs_1, minmay_shop_grove,
          uniq_roxanne
Orc:1:    layout_caves
Orc:2:    pubby_orc_utopia

Skill      XL: |  1  2  3  4  5  6  7  8  9 10 11 12 13 14 15 16 |
---------------+-------------------------------------------------+-----
Axes           | 4 5 6 7 9 10 12 14 16 18 19 20 | 20.7
Fighting       | 4 5 6 8 9 11 13 15 17 19 20 | 20.8
Armour         | 3 4 5 6 7 9 10 12 13 | 13.6
Staves         | 2 |  2.6
Stealth        | 1 2 3 5 6 |  6.9
Evocations     | 2 4 6 7 8 9 10 11 | 11.0
Dodging        | 3 4 6 |  6.7
Maces & Flails | 1 |  1.2

Action                   |  1- 3 |  4- 6 |  7- 9 | 10-12 | 13-15 | 16-18 || total
-------------------------+-------+-------+-------+-------+-------+-------++-------
Melee: Hand axe          |    92 |    93 |    86 |       |       |       ||   271
       Headbutt          |    17 |    21 |    46 |    82 |   222 |    82 ||   470
       Quarterstaff      |       |     8 |     5 |       |       |       ||    13
       War axe           |       |       |    97 |       |       |       ||    97
       Punch             |       |       |     2 |       |       |       ||     2
       Battleaxe         |       |       |    13 |   414 |   960 |   322 ||  1709
       Flail             |       |       |       |       |     6 |       ||     6
Invok: Berserk           |       |     2 |     2 |    16 |    25 |    13 ||    58
       Trog's Hand       |       |       |     1 |     5 |    10 |     1 ||    17
       Brothers in Arms  |       |       |       |     1 |     4 |     1 ||     6
Evoke: Wand              |       |       |       |       |     5 |       ||     5
  Use: Scroll            |       |       |     5 |    11 |    13 |     2 ||    31
       Potion            |       |       |       |     4 |    23 |     1 ||    28
 Stab: Petrified         |       |       |       |       |     6 |       ||     6
       Petrifying        |       |       |       |       |     1 |       ||     1
Armor: Plate armour      |    59 |    56 |   125 |   274 |   228 |       ||   742
       Animal skin       |     1 |       |       |       |       |       ||     1
       Crystal plate arm |       |       |       |       |   281 |   140 ||   421
       Skin              |       |       |       |       |    16 |       ||    16
Dodge: Dodged            |    30 |    39 |    84 |   271 |   531 |   153 ||  1108
